 Dungeon Crawl Stone Soup version 0.30-a0-637-gacddeb6d44 (webtiles) character file.

Game seed: 10666183323046596544

96 Leeroy the Slasher (level 4, -1/26 HPs)
             Began as a Tengu Warper on Jan 15, 2023.
             Constricted to death by Ijyb (5 damage)
             ... on level 3 of the Dungeon.
             The game lasted 00:04:16 (1537 turns).

Leeroy the Slasher (Tengu Warper)                   Turns: 1537, Time: 00:04:16

Health: -1/26      AC:  5    Str: 11    XL:     4   Next: 67%
Magic:  7/8        EV: 14    Int: 14    God:
Gold:   124        SH:  0    Dex: 15    Spells: 2/7 levels left

rFire   . . .      SeeInvis .    a - +0 falchion
rCold   . . .      Faith    .    (no shield)
rNeg    . . .      Spirit   .    m - +2 leather armour {Will+}
rPois   .          Reflect  .    (helmet restricted)
rElec   .          Harm     .    (no cloak)
rCorr   .          Rampage  .    (no gloves)
Will    +....                    (boots unavailable)
Stlth   +                        (no amulet)
HPRegen 0.24/turn                f - +5 ring of evasion
MPRegen 0.11/turn                (no ring)

@: brilliant, grasped by roots, on blink cooldown, flying, constricted
A: beak, talons 3
a: no special abilities


You were on level 3 of the Dungeon.
You visited 1 branch of the dungeon, and saw 3 of its levels.

You collected 124 gold pieces.

Inventory:

Hand Weapons
 a - a +0 falchion (weapon)
Missiles
 d - 7 boomerangs of dispersal (quivered)
Armour
 b - a +0 leather armour
 m - a +2 leather armour of willpower (worn)
 n - the +1 robe "Vuwoethru" {rF++ MP-9}
   (You found it on level 3 of the Dungeon)

   rF:        It greatly protects you from fire.
   MP:        It affects your magic capacity (-9).
Jewellery
 f - a +5 ring of evasion (left hand)
Scrolls
 c - 2 scrolls of blinking
 e - 2 scrolls of identify {unknown}
 h - 2 scrolls of teleportation {unknown}
 j - a scroll of vulnerability {unknown}
Potions
 g - 3 potions of flight
 i - a potion of lignification {unknown}
 k - a potion of curing {unknown}
 l - a potion of attraction {unknown}
 o - a potion of brilliance


   Skills:
 - Level 2.0 Fighting
 * Level 5.2 Long Blades
 - Level 1.0 Throwing
 - Level 1.1 Armour
 - Level 2.1 Dodging
 - Level 2.0 Spellcasting
 - Level 2.4 Translocations


You had 2 spell levels left.
You knew the following spells:

 Your Spells              Type           Power      Damage    Failure   Level
a - Blink                 Tloc           24%        N/A       19%         2
b - Teleport Other        Tloc           12%        N/A       34%         3

Your spell library contained the following spells:

 Spells                   Type           Power      Damage    Failure   Level
 Kiss of Death            Conj/Necr      8%         2d6       30%         1
 Lesser Beckoning         Tloc           24%        N/A       34%         3
 Vhi's Electric Charge    Tloc/Air       14%        N/A       50%         3
 Confusing Touch          Hex            2%         N/A       67%         3
 Manifold Assault         Tloc           12%        N/A       75%         4
 Dispel Undead            Necr           2%         3d7       97%         4


Dungeon Overview and Level Annotations

Branches:
Dungeon (3/15)

Altars:

Shops:
D:1 [*(

Annotations:
D:3 Ijyb


Innate Abilities, Weirdness & Mutations

You have a beak for a mouth.
You have claws for feet.


Message History

Ijyb zaps a wand.
The roots erupt in riotous growth!
The grasping roots grab you!
Ijyb is unaffected.
The grasping roots constrict you.
You closely miss Ijyb. Ijyb hits you with a +0 dagger.
The grasping roots constrict you.
You hit Ijyb but do no damage. Your punch misses Ijyb.
Ijyb hits you with a +0 dagger. The grasping roots constrict you.
The grasping roots release their grip on you.
You barely miss Ijyb. Your kick misses Ijyb. Ijyb misses you.
It was a potion of flight.
You feel very buoyant.
You fly up into the air.
Ijyb completely misses you.
You barely miss Ijyb. Your kick misses Ijyb.
Ijyb screams, "Me stronger than you!"
Ijyb zaps a wand.
The roots erupt in riotous growth!
The grasping roots grab you!
Ijyb is unaffected.
The grasping roots constrict you.
It was a potion of brilliance.
You feel clever all of a sudden. Ijyb hits you with a +0 dagger.
* * * LOW HITPOINT WARNING * * *
The grasping roots constrict you.
* * * LOW HITPOINT WARNING * * *
Okay, then.
Cast which spell? (? or * to list)
The spell is extremely dangerous to miscast (34% risk of failure)!
Continue anyway?
Aiming: Teleport Other (extremely dangerous; 34% risk of failure)
Press: ? - help, Shift-Dir - straight line, f - Ijyb
Aim: Ijyb, wielding a +0 dagger, wearing a +0 leather armour and carrying a wand of roots (4) (chance to affect: 60%)
Okay, then.
Casting: Teleport Other (extremely dangerous; 34% risk of failure)
Confirm with . or Enter, or press ? or * to list all spells.
You feel a surge of power!
You escape the roots grasp.
You blink.
Found 5 stones.
Ijyb screams, "I cut your head off!"
Ijyb grins evilly.
Ijyb zaps a wand.
The roots erupt in riotous growth!
The grasping roots grab you! The grasping roots constrict you.
You die...

#..# #....................#.##
..........#######..######..##.##
...........### #.# #..##..#
##.......... .. #.# #..##.#.
..#####..## #. #(# #..##.## #.#
#.##.# ###..##.# #$
#....####....##.#
#.##########.............)
.......@..g####.##.#####
############ #.# .# #.# .# #<#
.# #.# .. ..# ## ##


You could see Ijyb.

Vanquished Creatures
  A gnoll (D:2)
  4 adders
  A worm (D:3)
  5 orcs (D:3)
  2 endoplasms
  3 giant cockroaches
  2 goblins
  4 quokkas
  7 ball pythons
  4 bats
  4 frilled lizards
  6 kobolds
  4 rats
47 creatures vanquished.

Vanquished Creatures (others)
  6 plants (D:2)
6 creatures vanquished.

Grand Total: 53 creatures vanquished

Notes
Turn   | Place    | Note
-------+----------+-------------------------------------------
     0 | D:1      | Leeroy the Tengu Warper began the quest for the Orb.
     0 | D:1      | Reached XP level 1. HP: 12/12 MP: 4/4
    66 | D:1      | Found Ymyjat's Assorted Antiques.
    91 | D:1      | Found Fipleton's Armour Emporium.
   110 | D:1      | Reached XP level 2. HP: 17/17 MP: 6/6
   182 | D:1      | Reached skill level 3 in Long Blades
   206 | D:1      | Found Saoschem's Weapon Emporium.
   697 | D:2      | Reached XP level 3. HP: 21/21 MP: 7/7
   806 | D:2      | Reached skill level 4 in Long Blades
   969 | D:2      | Reached XP level 4. HP: 23/26 MP: 8/8
  1275 | D:3      | Identified the +1 robe "Vuwoethru" {rF++ MP-9}
  1289 | D:3      | Reached skill level 5 in Long Blades
  1374 | D:3      | Learned a level 2 spell: Blink
  1378 | D:3      | Learned a level 3 spell: Teleport Other
  1524 | D:3      | Noticed Ijyb
  1537 | D:3      | Constricted to death by Ijyb

Illustrated notes

Levels and vault maps discovered:
D:1:      lemuel_arrival_behind_the_door_small, layout_loops_ring, serial_shops,
          nicolae_shop_bloodbath_and_beyond, nicolae_diamond_shop, shop
D:2:      layout_basic, basic_altar, serial_bayou_lagoon_b
D:3:      layout_loops_ring, zin_angel, uniq_ijyb

Skill      XL: |  1  2  3  4 |
---------------+-------------+-----
Long Blades    | 3 4 5 |  5.2
Fighting       | |  2.0
Throwing       | |  1.0
Armour         | |  1.1
Dodging        | |  2.1
Spellcasting   | |  2.0
Translocations | |  2.4

Action                   |  1- 3 |  4- 6 || total
-------------------------+-------+-------++-------
Melee: Falchion          |    74 |    52 ||   126
       Kick              |    13 |     8 ||    21
       Peck              |     7 |    12 ||    19
 Cast: Blink             |       |     1 ||     1
  Use: Potion            |       |     2 ||     2
 Stab: Sleeping          |       |     1 ||     1
Armor: Leather armour    |    17 |     6 ||    23
Dodge: Dodged            |    60 |    40 ||   100

Table legend: (Time is in decaauts)
 A = Elapsed time spent in this place.
 B = Non-inter-level travel time spent in this place.
 C = Inter-level travel time spent in this place.
 D = Time resting spent in this place.
 E = Time spent auto-exploring this place.
 F = Levels seen in this place.
 G = Mean time per level.
                   A        B        C        D        E       F      G
               +--------+--------+--------+--------+--------+-----+--------+
         Total |   1554 |   1510 |     44 |      0 |   1135 |   3 |  518.0 |
       Dungeon |   1554 |   1510 |     44 |      0 |   1135 |   3 |  518.0 |
               +--------+--------+--------+--------+--------+-----+--------+

Top non-repeatable levels by time:
     D:1: 643 daAuts
     D:2: 528 daAuts
     D:3: 382 daAuts
